 Dungeon Crawl Stone Soup version 0.28.0-49-g6dfe1f597d (webtiles) character file.

Game seed: 13893691917840847068

84 Zeld the Conjurer (level 4, -7/36 HPs)
             Began as a Draconian Conjurer on May 17, 2022.
             Killed from afar by Ijyb (10 damage)
             ... with an iceblast
             ... on level 3 of the Dungeon.
             The game lasted 00:03:00 (2151 turns).

Zeld the Conjurer (Draconian Conjurer)              Turns: 2151, Time: 00:03:01

Health: -7/36      AC:  5    Str:  9    XL:     4   Next: 24%
Magic:  8/8        EV: 12    Int: 20    God:
Gold:   20         SH:  0    Dex: 10    Spells: 5/8 levels left

rFire   . . .      SeeInvis .   (no weapon)
rCold   . . .      Faith    .   (no shield)
rNeg    . . .      Spirit   .   (armour unavailable)
rPois   .          Reflect  .   (helmet restricted)
rElec   .          Harm     .   (no cloak)
rCorr   .          Rampage  .   (no gloves)
Will    .....                   (no boots)
Stlth   ++........              (no amulet)
HPRegen 0.12/turn               (no ring)
MPRegen 0.11/turn               (no ring)

@: no status effects
A: AC +5, unfitting armour, cold-blooded
a: no special abilities


You were on level 3 of the Dungeon.
You visited 1 branch of the dungeon, and saw 3 of its levels.

You collected 20 gold pieces.

Inventory:

Jewellery
 e - a ring of protection from fire
Scrolls
 a - a scroll of immolation {unknown}
 b - a scroll of magic mapping {unknown}
 d - a scroll of noise {unknown}
 f - 3 scrolls of identify {unknown}
 g - a scroll of enchant weapon {unknown}
 j - a scroll of fog {unknown}
Potions
 c - a potion of cancellation {unknown}
 h - a potion of invisibility {unknown}
 i - a potion of heal wounds {unknown}


   Skills:
 * Level 1.8 Fighting
 + Level 2.1 Dodging
 + Level 2.2 Stealth
 * Level 2.7 Spellcasting
 * Level 4.5 Conjurations


You had 5 spell levels left.
You knew the following spells:

 Your Spells              Type           Power      Damage    Failure   Level
a - Magic Dart            Conj           80%        1d7       2%          1
b - Searing Ray           Conj           40%        2d5       3%          2

Your spell library contained the following spells:

 Spells                   Type           Power      Damage    Failure   Level
 Animate Skeleton         Necr           4%         N/A       14%         1
 Pain                     Necr           8%         1d4       14%         1
 Dazzling Flash           Conj/Hex       22%        N/A       17%         3
 Vampiric Draining        Necr           2%         2d6       41%         3
 Fulminant Prism          Conj/Hex       5%         3d7       50%         4
 Iskenderun's Mystic Bla  Conj/Tloc      11%        2d4       50%         4
 Animate Dead             Necr           1%         N/A       82%         4
 Haunt                    Necr/Summ      1%         N/A       100%        7
 Infestation              Necr           1%         N/A       100%        8


Dungeon Overview and Level Annotations

Branches:
Dungeon (3/15)

Altars:

Annotations:
D:3 Ijyb


Innate Abilities, Weirdness & Mutations

Your plain brown scales are hard. (AC +5)
You cannot fit into any form of body armour.
You are cold-blooded and may be slowed by cold attacks.


Message History

A rat is nearby!
A rat is nearby!
Casting: Magic Dart (safe; 2% risk of failure)
Confirm with . or Enter, or press ? or * to list all spells.
Aiming: Magic Dart (safe; 2% risk of failure)
Press: ? - help, Shift-Dir - straight line, f - rat
Aim: a rat (asleep, 100% to hit)
The magic dart hits the rat.
You kill the rat!
Search for what [? for help]?
Okay, then.
Unknown command.
Search for what [? for help]? armor Ijyb and an endoplasm come into view.
Ijyb is wielding a +0 dagger, wearing a +3 leather armour of cold resistance and carrying a wand of iceblast (13).
Ijyb shouts!
Ijyb screams, "I no like you!"
Ijyb zaps a wand.
The mass of ice explodes!
The iceblast engulfs you!!
Ouch! That really hurt!
The endoplasm quivers.
You hear an angry hiss.
You hear a shout!
Found 12 gold pieces.
Ijyb zaps a wand.
The mass of ice explodes!
The iceblast engulfs you!
* * * LOW HITPOINT WARNING * * *
You see here a +0 cloak.
A bat comes into view.
Unknown command.
You closely miss the bat. The bat barely misses you.
Unknown command.
The bat closely misses you. The bat barely misses you.
Ijyb opens the door.
The bat hits you but does no damage. The bat hits you but does no damage.
The bat closely misses you.
Found 26 arrows.
The bat barely misses you. Ijyb screams, "Me kill you!"
The bat hits you but does no damage. The bat misses you.
Ijyb zaps a wand.
The mass of ice explodes!
The iceblast engulfs you!
You die...

.............##....#
.#...#.###.##....#####
#.#.....#.##g.........
#.#.#.#.#.##g..#######
#...#.#.#.##...#
#.#.#.#.#.##...#
#.......#......#
#.#.#...###...b+##
#.........#.@..+
....##..#.#....#
....+..>.<#....+ ...
#####.#....# ..
.....(.# ##(##...#
#.##...# #.###+## #..


You could see Ijyb and a bat.

Vanquished Creatures
  4 gnolls (D:2)
  An adder (D:2)
  A worm (D:2)
  2 dart slugs (D:2)
  3 endoplasms
  A giant cockroach (D:1)
  3 goblins
  4 hobgoblins
  A quokka (D:2)
  2 ball pythons
  A bat (D:1)
  4 frilled lizards
  4 kobolds
  2 rats
33 creatures vanquished.

Notes
Turn   | Place    | Note
-------+----------+-------------------------------------------
     0 | D:1      | Zeld the Draconian Conjurer began the quest for the Orb.
     0 | D:1      | Reached XP level 1. HP: 14/14 MP: 3/3
   288 | D:1      | Reached XP level 2. HP: 22/22 MP: 3/5
   313 | D:1      | Found a faded altar of an unknown god.
   720 | D:2      | Reached skill level 1 in Fighting
   999 | D:2      | Learned a level 2 spell: Searing Ray
  1233 | D:2      | Reached XP level 3. HP: 28/28 MP: 3/6
  1375 | D:2      | Reached XP level 4. HP: 16/36 MP: 0/7
  2132 | D:3      | Noticed Ijyb
  2136 | D:3      | HP: 1/36 [Ijyb/iceblast (16)]
  2151 | D:3      | Killed from afar by Ijyb

Illustrated notes

Levels and vault maps discovered:
D:1:      dpeg_arrival_another_circle, layout_basic, basic_ecumenical_altar,
          minmay_pentomino_w2
D:2:      layout_loops_ring, serial_forest, infiniplex_forest_corner_1,
          infiniplex_forest_lined_room_3, infiniplex_forest_lined_3_way,
          infiniplex_forest_join, infiniplex_forest_clump_large,
          infiniplex_forest_clump_tiny, kennysheep_pointless_box,
          kennysheep_cross_room, kennysheep_another_room, minivault_19,
          chequers_serial_rivers_small_a
D:3:      layout_basic, uniq_ijyb

Skill      XL: |  1  2  3 |
---------------+----------+-----
Fighting       | 1 |  1.8
Stealth        | 2 |  2.2
Dodging        | 2 |  2.1
Spellcasting   | |  2.7
Conjurations   | |  4.5

Action                   |  1- 3 |  4- 6 || total
-------------------------+-------+-------++-------
Melee: Unarmed           |    15 |     1 ||    16
       Tailslap          |     5 |       ||     5
 Cast: Magic Dart        |    46 |    11 ||    57
       Searing Ray       |     1 |       ||     1
Armor: Skin              |     3 |     3 ||     6
Dodge: Dodged            |    15 |     6 ||    21
